 Dungeon Crawl Stone Soup version 0.23-a0-183-gf37f6fb (webtiles) character file.

280 nubinia the Stinger (level 6, -1/33 HPs)
             Began as a Tengu Venom Mage on Sept 22, 2018.
             Slain by a river rat (5 damage)
             ... in a sewer on Sept 23, 2018.
             The game lasted 00:17:21 (3756 turns).

nubinia the Stinger (Tengu Venom Mage)              Turns: 3756, Time: 00:17:22

Health: -1/33      AC:  2    Str:  8    XL:     6   Next: 27%
Magic:  2/11       EV: 13    Int: 17    God:
Gold:   86         SH:  5    Dex: 15    Spells: 4/10 levels left

rFire    . . .     SeeInvis .   b - +0 short sword
rCold    . . .     Gourm    .   (no shield)
rNeg     . . .     Faith    .   a - +0 robe
rPois    .         Spirit   .   (helmet restricted)
rElec    .         Reflect  +   j - scarf {cloud immunity}
rCorr    .         Harm     .   (no gloves)
MR       .....                  (boots unavailable)
Stlth    +.........             k - +5 amulet of reflection
HPRegen  0.11/turn              r - ring of wizardry
MPRegen  0.12/turn              (no ring)

@: hasted, quick
A: beak, talons 3, able to fly 1
a: Fly


You were in a sewer.
You were hungry.

You visited 1 branch of the dungeon, and saw 4 of its levels.
You also visited: Sewer.

You collected 86 gold pieces.

Inventory:

Hand Weapons
 b - a +0 short sword (weapon)
 m - a -2 whip
Armour
 a - a +0 robe (worn)
 j - a scarf of cloud immunity (worn)
 p - a +0 cloak
Jewellery
 k - a +5 amulet of reflection (around neck)
 r - a ring of wizardry (left hand)
Scrolls
 d - a scroll of identify
 e - a scroll of teleportation
 f - 2 scrolls of remove curse
 s - a scroll of fear {unknown}
Potions
 h - 2 potions of curing
 i - 4 potions of haste
 l - 2 potions of flight
 n - 2 potions of heal wounds {unknown}
 o - a potion of mutation {unknown}
 q - a potion of resistance {unknown}
 t - a potion of might {unknown}
Comestibles
 c - 6 rations


   Skills:
 + Level 0.9 Fighting
 + Level 2.2 Short Blades
 + Level 3.1 Dodging
 + Level 2.8 Stealth
 + Level 2.6 Spellcasting
 * Level 3.1 Conjurations
 * Level 2.3 Air Magic
 + Level 4.1 Poison Magic


You had 4 spell levels left.
You knew the following spells:

 Your Spells              Type           Power        Failure   Level  Hunger
a - Sting                 Conj/Pois      ##..         1%          1    #......
b - Poisonous Vapours     Pois/Air       ##....       2%          2    ##.....
c - Mephitic Cloud        Conj/Pois/Air  ##......     6%          3    ###....

Your spell library contained the following spells:

 Spells                   Type           Power        Failure   Level  Hunger
 Olgreb's Toxic Radiance  Pois           ###.....     13%         4    #####..
 Venom Bolt               Conj/Pois      ##........   41%         5    ######.


Dungeon Overview and Level Annotations

Branches:
Dungeon (4/15)
 Temple: D:4-7

Altars:


Innate Abilities, Weirdness & Mutations

You have a beak for a mouth.
You have claws for feet.
You can fly.


Message History

The river rat is engulfed in noxious fumes.
The river rat appears confused.
You are too injured to fight recklessly!
Unknown command.
You completely miss the river rat. You claw the river rat.
The river rat is heavily wounded.
The big kobold is engulfed in noxious fumes.
The big kobold appears confused.
The big kobold is engulfed in noxious fumes.
The big kobold appears confused.
Saving game... please wait.
Welcome back, nubinia the Tengu Venom Mage.
Press ? for a list of commands and other information.
You enter the shallow water.
Moving in this stuff is going to be slow.
Why would you want to do that?
You feel yourself speed up. The river rat bites you!
* * * LOW HITPOINT WARNING * * *
You closely miss the river rat. The river rat bites you.
You die...

≈≈≈≈≈≈≈≈≈ #######≈
#..#..#≈# #.....# ≈#
##...##≈ ≈#≈
#.(.).##≈#≈#
#.)...#≈#≈#≈##
###†####≈#≈#≈###+###
#..(.≈≈≈≈≈≈≈@≈.....#
##...≈≈≈≈≈≈≈≈r.≈....#
#.....≈≈≈≈≈≈≈≈≈....##
#....≈≈≈≈≈≈≈≈≈#....#
##..(.≈≈≈≈≈≈≈##....#
#..(.≈≈≈≈≈≈≈#.....#
##...≈≈≈≈≈≈≈≈......#
##.....≈≈≈≈≈≈......##
#......≈≈r≈≈≈≈....##


You could see a river rat.

Vanquished Creatures
  A big kobold (Sewer)
  A hound skeleton (D:4)
  7 adders
  5 river rats (Sewer)
  4 worms
  A dart slug (D:2)
  A leopard gecko (D:1)
  6 orcs (D:3)
  7 bats
  4 giant cockroaches
  4 goblins
  3 hobgoblins
  2 quokkas (D:3)
  8 ball pythons (Sewer)
  2 frilled lizards (D:3)
  14 kobolds
  22 rats
92 creatures vanquished.

Notes
Turn   | Place    | Note
-------+----------+-------------------------------------------
     0 | D:1      | nubinia the Tengu Venom Mage began the quest for the Orb.
     0 | D:1      | Reached XP level 1. HP: 10/10 MP: 4/4
   381 | D:1      | Reached XP level 2. HP: 15/15 MP: 6/6
   387 | D:1      | Learned a level 2 spell: Poisonous Vapours
   477 | D:1      | You fall through a shaft!
   856 | D:2      | Reached XP level 3. HP: 6/19 MP: 4/7
  1062 | D:2      | Learned a level 3 spell: Mephitic Cloud
  1929 | D:3      | Reached XP level 4. HP: 19/24 MP: 6/8
  2370 | D:3      | Reached skill level 1 in Air Magic
  2930 | D:3      | Reached skill level 1 in Short Blades
  2930 | D:3      | Gained mutation: You can fly. [Tengu growth]
  2930 | D:3      | Reached XP level 5. HP: 24/28 MP: 9/9
  3049 | D:4      | Found a glowing drain.
  3068 | Sewer    | Entered a sewer
  3101 | Sewer    | Reached skill level 4 in Poison Magic
  3678 | Sewer    | Noticed a big kobold
  3678 | Sewer    | Noticed a big kobold
  3707 | Sewer    | Killed a big kobold
  3707 | Sewer    | Reached XP level 6. HP: 24/33 MP: 3/11
  3756 | Sewer    | Slain by a river rat

Vault maps used:
D:1:      giann_bridges, minmay_statues_item
D:2:      first_ration
D:4:      kiku_gazebo_garden_becter, cheibrodos_sewer_entry_sluice
Sewer:    sewer_minmay_treatment

Skill      XL: |  1  2  3  4  5 |
---------------+----------------+-----
Conjurations   | 2 3 |  3.1
Air Magic      | 1 2 |  2.3
Short Blades   | 1 2 |  2.2
Poison Magic   | 4 |  4.1
Dodging        | 3 |  3.1
Fighting       | |  0.9
Stealth        | |  2.8
Spellcasting   | |  2.6

Action                   |  1- 3 |  4- 6 || total
-------------------------+-------+-------++-------
Melee: Short sword       |    64 |   160 ||   224
       Kick              |    15 |    31 ||    46
       Peck              |     6 |    23 ||    29
 Cast: Sting             |    24 |    23 ||    47
       Poisonous Vapours |     3 |     5 ||     8
       Mephitic Cloud    |       |     5 ||     5
 Abil: Fly               |       |     5 ||     5
  Use: Scroll            |     4 |     5 ||     9
       Potion            |       |     1 ||     1
 Stab: Sleeping          |     4 |     3 ||     7
       Confused          |       |     2 ||     2
  Eat: Chunk             |     3 |     8 ||    11
Armor: Robe              |     8 |    14 ||    22
Dodge: Dodged            |    39 |    98 ||   137
Block: Other             |     2 |    41 ||    43

Table legend:
 A = Non-vault XP
 B = Vault XP
 C = Vault XP percentage of total XP
 D = Non-vault monster count
 E = Vault monster count
 F = Vault count percentage of total count
                 A         B        C        D         E       F
            +---------+---------+-------+---------+---------+-------
      Total |     202 |     198 |  49.5 |      56 |      36 |  39.1
            +---------+---------+-------+---------+---------+-------
        D:1 |      15 |       0 |   0.0 |      10 |       0 |   0.0
        D:2 |      50 |       0 |   0.0 |      19 |       0 |   0.0
        D:3 |     103 |       0 |   0.0 |      24 |       0 |   0.0
        D:4 |      34 |       5 |  12.8 |       3 |       1 |  25.0
      Sewer |       0 |     193 | 100.0 |       0 |      35 | 100.0
            +---------+---------+-------+---------+---------+-------
